 Dungeon Crawl Stone Soup version 0.26-a0-739-gf55cbd344a (webtiles) character file.

Game seed: 8801875065083151259

6506 marklar909 the Grappler (level 10, -8/84 HPs)
             Began as a Grey Draconian Transmuter on Nov 6, 2020.
             Was a Believer of Qazlal.
             Mangled by a two-headed ogre
             ... wielding a +0 giant club
              (11 damage)
             ... on level 2 of the Orcish Mines.
             The game lasted 00:24:03 (16765 turns).

marklar909 the Grappler (DrTm)                     Turns: 16765, Time: 00:24:03

Health: -8/84      AC: 12    Str: 16    XL:     10   Next: 69%
Magic:  3/17       EV: 15    Int: 14    God:    Qazlal [**....]
Gold:   627        SH:  2    Dex: 11    Spells: 4/19 levels left

rFire    . . .     SeeInvis +     - Unarmed
rCold    + . .     Faith    .   (shield currently unavailable)
rNeg     . . .     Spirit   .   (armour unavailable)
rPois    +         Reflect  .   (helmet restricted)
rElec    .         Harm     .   (no cloak)
rCorr    .         Rampage  .   (gloves currently unavailable)
MR       .....                  (no boots)
Stlth    +.........             (no amulet)
HPRegen  0.24/turn              h - ring "Wisocvog" {Wiz +Blink rPois SInv Stlth-}
MPRegen  0.15/turn              y - ring of protection from cold

@: about to teleport, blade hands, wereblooded
A: walk through water, unfitting armour, unbreathing, cold-blooded, AC +12
a: End Transformation, Upheaval, Renounce Religion, Evoke Blink


You were on level 2 of the Orcish Mines.
You worshipped Qazlal.
Qazlal was pleased with you.
You had blades for hands.
You visited 3 branches of the dungeon, and saw 13 of its levels.

You collected 776 gold pieces.
You spent 149 gold pieces at shops.

Inventory:

Missiles
 l - 36 poisoned darts (quivered)
Armour
 d - a +2 pair of gloves (melded)
 r - a +0 tower shield
Jewellery
 h - the ring "Wisocvog" (left scythe-like blade) {Wiz +Blink rPois SInv Stlth-}
   (You found it on level 4 of the Dungeon)

   [ring of wizardry]

   It improves your spell success rate.
   It protects you from poison.
   It lets you see invisible.
   It lets you blink.
   It makes you less stealthy.
 y - a ring of protection from cold (right scythe-like blade)
Wands
 n - a wand of flame (24)
Scrolls
 a - a scroll of noise {unknown}
 b - 2 scrolls of fog
 c - a scroll of enchant armour
 e - 6 scrolls of identify
 g - a scroll of teleportation
 i - 2 scrolls of enchant weapon
 k - 5 scrolls of magic mapping
 s - a scroll of vulnerability {unknown}
 u - a scroll of torment {unknown}
 w - a scroll of amnesia {unknown}
 A - a scroll of immolation
Potions
 f - a potion of lignification {unknown}
 m - 2 potions of brilliance
 p - a potion of experience {unknown}
 q - a potion of haste {unknown}
 z - a potion of berserk rage {unknown}


   Skills:
 * Level 6.4 Fighting
 + Level 0.1 Throwing
 * Level 6.4 Dodging
 + Level 2.2 Stealth
 * Level 4.2 Shields
 + Level 8.3 Unarmed Combat
 + Level 5.3 Spellcasting
 * Level 7.4 Transmutations
 + Level 1.9 Ice Magic
 + Level 3.0 Poison Magic
 * Level 2.0 Invocations
 + Level 0.4 Evocations


You had 4 spell levels left.
You knew the following spells:

 Your Spells              Type           Power        Failure   Level
a - Blade Hands           Tmut           ###.......   32%         5
b - Wereblood             Tmut           ###.....     7%          2
c - Spider Form           Tmut/Pois      ###.......   16%         3
d - Ice Form              Ice/Tmut       ###.....     34%         4
e - Beastly Appendage     Tmut           ###...       6%          1

Your spell library contained the following spells:

 Spells                   Type           Power        Failure   Level
 Freeze                   Ice            #...         17%         1
 Ensorcelled Hibernation  Hex/Ice        #.....       28%         2
 Frozen Ramparts          Ice            #.....       32%         3
 Ozocubu's Armour         Ice            #.......     32%         3
 Hailstorm                Conj/Ice       #.......     73%         4
 Summon Ice Beast         Ice/Summ       #.......     73%         4
 Borgnjor's Vile Clutch   Necr/Erth      #.........   98%         5
 Silence                  Hex/Air        #.........   98%         5
 Shadow Creatures         Summ           N/A          100%        6


Dungeon Overview and Level Annotations

Branches:
Dungeon (10/15)            Temple (1/1) D:7             Orc (2/2) D:9
    Elf (0/3) Orc:2
   Lair: D:8-11

Altars:
Ashenzari
Cheibriados
Dithmenos
Elyvilon
Fedhas
Gozag
Hepliaklqana
Kikubaaqudgha
Makhleb
Nemelex Xobeh
Okawaru
Qazlal
Ru
Sif Muna
Trog
Uskayaw
Vehumet
Wu Jian
Xom
Yredelemnul
Zin
The Shining One

Shops:
D:5 }   D:9 =(((?

Portals:
Abyss: D:4

Annotations:
D:2 1 runed translucent door, Crazy Yiuf
D:4 2 transporters, Xurdan's ghost, amateur MiGl
D:8 Gastronok
Orc:1 Jorgrun


Innate Abilities, Weirdness & Mutations

You can walk through water.
Your dull iron-grey scales are very hard. (AC +12)
You cannot fit into any form of body armour.
You can survive without breathing.
You are cold-blooded and may be slowed by cold attacks.


Message History

You slash the orc sorcerer!
The orc sorcerer is severely wounded.
The orc wizard barely misses you. The orc sorcerer misses you.
The orc warrior barely misses you.
The orc wizard gestures at you while chanting.
The magic dart hits you!
* * * LOW HITPOINT WARNING * * *
The orc sorcerer casts a spell at you. The bolt of fire misses you.
The orc warrior hits you from afar with a +0 halberd!!
* * * LOW HITPOINT WARNING * * *
Items here: )) [[.
Unknown command.
Okay, then.
As you read the scroll of teleportation, it crumbles to dust.
You feel strangely unstable.
The orc wizard is engulfed in blazing flames.
The orc wizard barely misses you. The two-headed ogre closely misses you.
The two-headed ogre hits you with a +0 giant club!
You die...

.........#.#.###.........
..............#..........
..............#..........
.................#.#.....
$.........#.....#........
.........................
...........).....$.......
........o).##.#..........
......o.@...##...........
.......O##.## #.#.#......
..#...[o)### ######....#
.......)..# ##..##
.....#.).## .......)..#
......#..## ..........
...#.......


You could see a two-headed ogre, an orc sorcerer, an orc warrior and an orc
wizard (fast).

Vanquished Creatures
  Pikel (D:7)
  Maggie (D:6)
  A kobold demonologist (D:9)
  3 slime creatures (D:10)
  Sigmund (D:3)
  A warg (Orc:2)
  10 orc warriors
  2 sky beasts
  A necrophage (D:7)
  A phantom (D:4)
  3 ogres
  2 centaurs
  3 bullfrogs
  16 big kobolds
  2 scorpions
  3 killer bees
  2 electric eels (D:10)
  4 howler monkeys
  14 orc priests
  A centaur skeleton (D:4)
  13 orc wizards
  5 worker ants
  An iguana (D:9)
  2 hound skeletons (D:4)
  2 worker ant zombies
  A howler monkey skeleton (D:7)
  8 adders
  A shadow imp (D:6)
  A white imp (D:9)
  2 ufetubi
  4 oozes
  An adder zombie (D:5)
  An adder skeleton (D:7)
  3 worms
  A dart slug (D:1)
  5 leopard geckos
  44 orcs
  5 bats
  4 giant cockroaches
  9 goblins
  4 hobgoblins
  5 jackals
  17 kobolds
  7 quokkas
  A ball python (D:3)
  2 frilled lizards
  7 rats
228 creatures vanquished.

Vanquished Creatures (others)
  33 plants (D:10)
33 creatures vanquished.

Grand Total: 261 creatures vanquished

Notes
Turn   | Place    | Note
-------+----------+-------------------------------------------
     0 | D:1      | marklar909 the Draconian Transmuter began the quest for the
                  | Orb.
     0 | D:1      | Reached XP level 1. HP: 16/16 MP: 3/3
   515 | D:1      | Reached XP level 2. HP: 21/23 MP: 3/5
  1049 | D:2      | Found a glowing silver altar of Zin.
  1091 | D:2      | Learned a level 2 spell: Wereblood
  1170 | D:2      | Reached XP level 3. HP: 28/28 MP: 4/6
  1401 | D:2      | Found a runed translucent door.
  1402 | D:2      | Noticed Crazy Yiuf
  1915 | D:2      | Found a faded altar of an unknown god.
  2012 | D:2      | Reached XP level 4. HP: 35/35 MP: 5/7
  2268 | D:3      | Reached skill level 4 in Unarmed Combat
  2281 | D:3      | Learned a level 3 spell: Spider Form
  2706 | D:3      | Noticed Sigmund
  2721 | D:3      | Killed Sigmund
  2721 | D:3      | Reached skill level 1 in Stealth
  2721 | D:3      | Reached skill level 1 in Poison Magic
  2721 | D:3      | Reached XP level 5. HP: 16/42 MP: 5/8
  2721 | D:3      | Reached XP level 6. HP: 19/50 MP: 5/9
  4907 | D:4      | Found a hazy altar of Hepliaklqana.
  4921 | D:4      | Reached skill level 5 in Unarmed Combat
  4956 | D:4      | Your scales start taking on a dull iron-grey colour.
  4956 | D:4      | Reached XP level 7. HP: 48/57 MP: 4/10
  4956 | D:4      | Gained mutation: You can survive without breathing. [Grey
                  | Draconian growth]
  5087 | D:4      | Got a faintly glowing bone ring
  5235 | D:4      | Noticed a toenail golem
  5239 | D:4      | Found a transporter.
  5240 | D:4      | Found a one-way gate to the infinite horrors of the Abyss.
  5247 | D:4      | Found a transporter.
  5248 | D:4      | Noticed Xurdan's ghost (amateur MiGl)
  5674 | D:4      | Learned a level 4 spell: Ice Form
  5729 | D:4      | Identified the ring "Wisocvog" {Wiz +Blink rPois SInv
                  | Stlth-} (You found it on level 4 of the Dungeon)
  5766 | D:5      | Entered Level 5 of the Dungeon
  5912 | D:5      | Found a blossoming altar of Fedhas.
  6089 | D:5      | Found Ozuotuq's Gadget Shoppe.
  6112 | D:5      | Found a stormy altar of Qazlal.
  6281 | D:5      | Found a shimmering blue altar of Sif Muna.
  7066 | D:6      | Reached skill level 1 in Ice Magic
  7190 | D:6      | Found a shadowy altar of Dithmenos.
  7294 | D:6      | Found a snail-covered altar of Cheibriados.
  7360 | D:6      | Noticed Maggie
  7382 | D:6      | Killed Maggie
  7382 | D:6      | Reached XP level 8. HP: 32/66 MP: 7/12
  7582 | D:6      | Found a sacrificial altar of Ru.
  7599 | D:6      | Found a white marble altar of Elyvilon.
  7784 | D:6      | Reached skill level 6 in Unarmed Combat
  8533 | D:8      | Reached skill level 1 in Shields
  9011 | D:7      | Reached skill level 5 in Dodging
  9221 | D:7      | Found a staircase to the Ecumenical Temple.
  9237 | Temple   | Entered the Ecumenical Temple
  9433 | D:5      | Became a worshipper of Qazlal Stormbringer
  9789 | D:7      | Noticed Pikel
  9817 | D:7      | Killed Pikel
  9817 | D:7      | Reached skill level 5 in Fighting
  9817 | D:7      | Reached skill level 5 in Transmutations
  9817 | D:7      | Reached XP level 9. HP: 42/73 MP: 14/14
  9833 | D:7      | Reached skill level 7 in Unarmed Combat
  9993 | D:7      | Found an ornate altar of the Wu Jian Council.
 10078 | D:7      | Learned a level 5 spell: Blade Hands
 10513 | D:8      | Noticed Gastronok
 10876 | D:9      | Noticed a kobold demonologist
 10894 | D:9      | Killed a kobold demonologist
 10931 | D:9      | Reached * piety under Qazlal
 10964 | D:9      | Reached XP level 10. HP: 37/82 MP: 5/16
 11216 | D:9      | Found a hide-covered altar of Uskayaw.
 11308 | D:9      | Found Ofent's Antique Weapon Emporium.
 11348 | D:9      | Found Gasi's Antique Weapon Boutique.
 11632 | D:9      | Found a glowing golden altar of the Shining One.
 11766 | D:9      | Found a radiant altar of Vehumet.
 11949 | D:9      | Found Annuaffu's Magic Scroll Emporium.
 11957 | D:9      | Bought a scroll of magic mapping for 52 gold pieces
 11957 | D:9      | Bought a scroll of teleportation for 45 gold pieces
 11957 | D:9      | Bought a scroll of immolation for 52 gold pieces
 13064 | D:8      | HP: 3/83 [Gastronok/the air (20)]
 13899 | D:9      | Found a staircase to the Orcish Mines.
 13974 | D:9      | Found Byqeg Wifo's Jewellery Emporium.
 13999 | D:9      | Found Hoza's Weapon Shop.
 14209 | D:10     | Entered Level 10 of the Dungeon
 14332 | D:10     | Noticed a boulder beetle
 14699 | D:10     | Noticed a boulder beetle
 15464 | D:10     | Noticed a manticore
 15479 | D:10     | HP: 1/83 [manticore (8)]
 15494 | D:10     | Reached skill level 8 in Unarmed Combat
 15808 | D:10     | Reached skill level 1 in Invocations
 15818 | D:10     | Reached skill level 5 in Spellcasting
 16204 | Orc:1    | Entered Level 1 of the Orcish Mines
 16287 | Orc:2    | Entered Level 2 of the Orcish Mines
 16391 | Orc:2    | Found a staircase to the Elven Halls.
 16398 | Orc:2    | Reached ** piety under Qazlal
 16486 | Orc:1    | Noticed an orc sorcerer
 16486 | Orc:1    | Noticed Jorgrun
 16487 | Orc:1    | Noticed an orc sorcerer
 16718 | Orc:2    | Noticed an orc sorcerer
 16747 | Orc:2    | Paralysed by an orc sorcerer for 4 turns
 16756 | Orc:2    | Noticed a two-headed ogre
 16764 | Orc:2    | HP: 2/84 [orc warrior/+0 halberd[an orc knight] (18)]
 16765 | Orc:2    | Mangled by a two-headed ogre

Illustrated notes

Levels and vault maps discovered:
D:1:      sevenhm_arrival_forest_fort_small_5, layout_basic
D:2:      layout_basic, overflow_temple_1_default,
          chequers_ecumenical_altar_lobes, serial_park_tiny_pond,
          uniq_crazy_yiuf_cottage
D:3:      layout_loops_corners, serial_rivers, chequers_serial_rivers_micro_c,
          chequers_serial_rivers_micro_e, chequers_serial_rivers_micro_e,
          chequers_serial_rivers_micro_c, chequers_serial_rivers_small_a,
          amethyst_killhole, uniq_sigmund
D:4:      layout_gridville, old_standard_altar, gammafunk_ghost_abyssal_escape
D:5:      layout_layer_cave, grunt_temple_overflow_forces_of_nature,
          lemuel_blue_sif_altar, serial_shops, shop
D:6:      layout_rooms, lemuel_coloured_pillars_altar, kennysheep_little_box,
          lemuel_crystal_altar, nicolae_ru_awakened_eye, uniq_maggie
D:7:      layout_loops_corners, lemuel_round_altar,
          minmay_temple_entry_large_hall, uniq_pikel
D:8:      layout_layer_cave, erik_lair_island, enter_bailey_3,
          eino_tiny_chamber, nicolae_transmutations_shop, uniq_gastronok
D:9:      layout_roguey [special_room_kobold], overflow_temple_1_default,
          eat_drink_and_be_merry_uskayaw, tso_altar, david_orc_4, serial_shops,
          kennysheep_mini_moat, shop_fountains, shop, nicolae_shop_behind_doors,
          shop, minmay_strange_pillars, kennysheep_generic_room_16
D:10:     minmay_diamond_stairs, layout_irregular_city, serial_bayou,
          serial_bayou_ford_a, serial_bayou_shore_b, serial_bayou_lagoon_a,
          serial_bayou_pond_b, palyth_stone_intersect, minmay_crystal_room,
          kennysheep_generic_room_3, uniq_josephine
Temple:   kb_temple_of_zot
Orc:1:    layout_caves, serial_shops, shop, uniq_jorgrun
Orc:2:    st_orc_mages, layout_caves

Skill      XL: |  1  2  3  4  5  6  7  8  9 10 |
---------------+-------------------------------+-----
Dodging        | 2 3 4 5 6 |  6.4
Unarmed Combat | 4 5 6 7 8 |  8.3
Fighting       | 2 3 4 5 6 |  6.4
Stealth        | 1 2 |  2.2
Transmutations | 3 4 5 6 7 |  7.4
Poison Magic   | 1 2 3 |  3.0
Ice Magic      | 1 |  1.9
Spellcasting   | 3 4 5 |  5.3
Shields        | 2 4 |  4.2
Invocations    | 2 |  2.0
Throwing       | |  0.1
Evocations     | |  0.4

Action                   |  1- 3 |  4- 6 |  7- 9 | 10-12 || total
-------------------------+-------+-------+-------+-------++-------
Melee: Unarmed           |   121 |   139 |   340 |   191 ||   791
       Kick              |    15 |       |    35 |       ||    50
       Tailslap          |     9 |     4 |    18 |     7 ||    38
       Headbutt          |     8 |       |    27 |       ||    35
       Punch             |       |       |     3 |     3 ||     6
Throw: Dart              |       |       |       |     6 ||     6
 Cast: Beastly Appendage |    26 |     2 |    17 |     1 ||    46
       Spider Form       |       |    22 |    23 |    16 ||    61
       Wereblood         |       |     3 |    13 |     6 ||    22
       Blade Hands       |       |       |     1 |    21 ||    22
Evoke: Wand              |       |       |     5 |     6 ||    11
  Use: Scroll            |     3 |       |     4 |     9 ||    16
       Potion            |       |       |     3 |     2 ||     5
Armor: Skin              |    42 |    14 |    70 |    40 ||   166
Dodge: Dodged            |    80 |   123 |   286 |   149 ||   638
Block: Other             |       |       |     2 |    21 ||    23

Table legend: (Time is in decaauts)
 A = Elapsed time spent in this place.
 B = Non-inter-level travel time spent in this place.
 C = Inter-level travel time spent in this place.
 D = Time resting spent in this place.
 E = Time spent auto-exploring this place.
 F = Levels seen in this place.
 G = Mean time per level.
                   A        B        C        D        E       F      G
               +--------+--------+--------+--------+--------+-----+--------+
         Total |  16728 |  15710 |   1018 |   4662 |   8948 |  13 | 1286.8 |
       Dungeon |  16062 |  15069 |    993 |   4431 |   8808 |  10 | 1606.2 |
        Temple |    112 |    108 |      4 |      0 |    107 |   1 |  112.0 |
  Orcish Mines |    553 |    533 |     20 |    231 |     33 |   2 |  276.5 |
               +--------+--------+--------+--------+--------+-----+--------+

Top non-repeatable levels by time:
     D:9: 3290 daAuts
     D:7: 2650 daAuts
     D:3: 2243 daAuts
     D:6: 1445 daAuts
     D:5: 1315 daAuts
     D:4: 1264 daAuts
     D:2: 1197 daAuts
     D:1: 1046 daAuts
     D:8: 874 daAuts
    D:10: 732 daAuts
   Orc:2: 467 daAuts
  Temple: 112 daAuts
   Orc:1: 85 daAuts
